 Dungeon Sprint DCSS version 0.28-a0-245-g639a1a48b9 (webtiles) character file.

Game seed: 9234180196379514703

31413 MikeHunt the Devastator (level 13, -5/63 HPs)
             Began as a Felid Enchanter on Aug 24, 2021.
             Was the Champion of Qazlal.
             Splashed by an acid blob's acid (13 damage)
             ... in the Dungeon (Sprint VII: "The Pits").
             The game lasted 00:43:31 (9348 turns).

MikeHunt the Devastator (Felid Enchanter)           Turns: 9348, Time: 00:43:32

Health: -5/63      AC: -1    Str:  4    XL:     13   Next: 25%
Magic:  12/30      EV: 36    Int: 21    God:    Qazlal [******]
Gold:   57         SH:  8    Dex: 23    Spells: 6/37 levels left
                                        Lives:  0   Deaths: 4

rFire   . . .      SeeInvis +     - Unarmed
rCold   + . .      Faith    .   (shield unavailable)
rNeg    . . .      Spirit   .   (armour unavailable)
rPois   .          Reflect  .   (helmet unavailable)
rElec   .          Harm     .   (cloak unavailable)
rCorr   .          Rampage  +   (gloves unavailable)
Will    +....      NoTele   +   (boots unavailable)
Stlth   ++........              x - amulet of the Heavens {Rampage Regen+ Dex+3 Stlth+}
HPRegen 1.20/turn               h - +3 ring of evasion
MPRegen 0.22/turn               i - +3 ring of intelligence

@: corroded, repel missiles, quick
A: very small, claws 1, fangs 3, see invisible, speed 1, shaggy fur 3, stealthy
paws, no weapons or thrown items, no armour, multi-lived
a: Renounce Religion, Upheaval, Elemental Force, Disaster Area


You were in the Dungeon.
You worshipped Qazlal.
Qazlal was exalted by your worship.
You visited 1 branch You collected 57 gold pieces.

Inventory:

Jewellery
 h - a +3 ring of evasion (left paw)
 i - a +3 ring of intelligence (right paw)
 q - a ring of poison resistance
 r - a ring of protection from cold
 u - a ring of positive energy
 w - a +6 ring of intelligence
 x - the amulet of the Heavens (around neck) {Rampage Regen+ Dex+3 Stlth+}
   (You took it off a naga mage in the Dungeon)

   [amulet of regeneration]

   Dex:       It affects your dexterity (+3).
   Regen:     It increases your rate of health regeneration.
   Rampage:   It bestows one free step when moving towards enemies.
   Stlth:     It makes you more stealthy.
 y - a ring of protection from cold
Scrolls
 g - 2 scrolls of fog
 l - 2 scrolls of fear
 o - 5 scrolls of identify
Potions
 a - a potion of invisibility
 b - 6 potions of curing
 c - 14 potions of heal wounds
 d - 3 potions of haste
 e - 2 potions of magic
 f - 4 potions of berserk rage
 j - 4 potions of brilliance
 k - 3 potions of mutation
 n - a potion of resistance
 p - 2 potions of might
 s - a potion of ambrosia
Miscellaneous
 m - a tin of tremorstones (2/2)
 t - a lightning rod (2/4)
 v - a box of beasts
 z - a piece from Xom's chessboard (15/15)


   Skills:
 + Level 11.6 Fighting
 + Level 15.5 Dodging
 - Level 14.4 Stealth
 + Level 15.1 Unarmed Combat
 + Level 12.5 Spellcasting
 + Level 18.4 Conjurations
 - Level 12.8 Hexes
 + Level 10.3 Summonings
 - Level 10.1 Earth Magic
 - Level 13.6 Invocations
 - Level 16.2 Evocations


You had 6 spell levels left.
You knew the following spells:

 Your Spells              Type           Power      Damage    Failure   Level
a - Ensorcelled Hibernat  Hex/Ice        80%        N/A       1%          2
b - Tukima's Dance        Hex            61%        N/A       1%          3
c - Confusing Touch       Hex            61%        N/A       1%          3
d - Dazzling Flash        Conj/Hex       100%       N/A       1%          3
e - Spellforged Servitor  Conj/Summ      32%        N/A       12%         7
f - Orb of Destruction    Conj           37%        9d13      2%          7
g - Iron Shot             Conj/Erth      32%        9d7       2%          6

Your spell library contained the following spells:

 Spells                   Type           Power      Damage    Failure   Level
 Summon Guardian Golem    Hex/Summ       58%        N/A       1%          3
 Animate Skeleton         Necr           26%        N/A       4%          1
 Pain                     Necr           52%        1d6       4%          1
 Vampiric Draining        Necr           6%         2d6       16%         3
 Borgnjor's Vile Clutch   Necr/Erth      17%        N/A       17%         5
 Summon Forest            Summ/Tloc      17%        N/A       17%         5
 Ice Form                 Ice/Tmut       13%        N/A       45%         4
 Blade Hands              Tmut           6%         N/A       80%         5
 Death Channel            Necr           6%         N/A       100%        6
 Animate Armour           Summ/Erth      Unusable   N/A       N/A         4
 Excruciating Wounds      Necr           Unusable   N/A       N/A         5

Dungeon Overview and Level Annotations

Branches:
Dungeon (1/1)

Altars:
Ashenzari
Cheibriados
Dithmenos
Elyvilon
Fedhas
Gozag
Hepliaklqana
Kikubaaqudgha
Makhleb
Nemelex Xobeh
Okawaru
Qazlal
Ru
Sif Muna
Trog
Uskayaw
Vehumet
Wu Jian
Xom
Yredelemnul
Zin
The Shining One
Beogh
Jiyva
Lugonu


Innate Abilities, Weirdness & Mutations

You have sharp claws.
You have razor-sharp teeth.
You have supernaturally acute eyesight. (SInv)
You cover ground quickly. (Speed+)
Your thick and shaggy fur keeps you warm. (AC +3, rC+)
Your paws help you pounce on unaware monsters.
You are incapable of wielding weapons or throwing items.
You cannot wear armour.
You gain extra lives every three experience levels.


Message History

You kill the nagaraja!
Qazlal accepts your kill.
The blast of rubble hits the spriggan air mage!!
The spriggan air mage is almost dead.
The blast of rubble hits the acid blob!!!
The acid blob is severely wounded.
The spriggan air mage waves its arms in wide circles.
The air twists around and strikes you!!
Aiming: Upheaval
Press: ? - help, Dir - move target, f/p - spriggan air mage
Aim: a spriggan air mage, wearing a +0 robe (almost dead, repelling missiles)
A blizzard blasts the area with ice!
The blast of ice hits the spriggan air mage!!!
You kill the spriggan air mage!
Qazlal accepts your kill.
The blast of ice hits the acid blob!
The acid blob is severely wounded.
The acid blob is flash-frozen.
You hear a deafening roar!
An ice dragon comes into view.
The acid blob spits acid at you. The splash of acid hits you!
The acid corrodes you!
You are splashed with acid!
Aiming: Thunderbolt
Press: ? - help, Shift-Dir - straight line, f - acid blob
Aim: an acid blob (severely wounded, encased in ice)
The thunderbolt hits the acid blob.
The acid blob is almost dead.
The acid blob spits acid at you.
The splash of acid is repelled.
Aiming: Thunderbolt
Press: ? - help, Shift-Dir - straight line, f/p - acid blob
Aim: an acid blob (almost dead, encased in ice)
The thunderbolt hits the acid blob!
The acid blob is almost dead.
The acid blob is no longer encased in ice.
The acid blob spits acid at you. The splash of acid hits you!
* * * LOW HITPOINT WARNING * * *
You are splashed with acid!
You die...

# #........## ##
####.###..##...... #.
..........##...... .#..
......)....##'###
.'.[.####'###.#...#÷....
#.J.#..D.....#...).....
#≈..°........#...#.....
#...☼............#.....
#.@○.....#...#..|(.
###################
##############
#.............
#........D....
#.D###########
#..##.#.#.#)#.
#..#.#.#.#)#.#
#..##[#.#[#[#.


You could see an acid blob and an ice dragon.

Vanquished Creatures
  A royal mummy (D)
  A hellephant (D)
  A sphinx (D)
  Agnes (D)
  Kirke (D)
  A shadow dragon (D)
  A storm dragon (D)
  Donald (D)
  2 nagarajas (D)
  2 frost giants (D)
  A deep elf sorcerer (D)
  2 orc warlords (D)
  2 emperor scorpions (D)
  A spriggan defender (D)
  2 deep elf annihilators (D)
  A green draconian (D)
  A black draconian (D)
  An eidolon (D)
  A mummy priest (D)
  2 hydras (D)
  2 spriggan air magi (D)
  2 centaur warriors (D)
  A dancing weapon (D)
  A death knight (D)
  2 spriggan berserkers (D)
  2 orc high priests (D)
  Sonja (D)
  A sixfirhy (D)
  A fire crab (D)
  A spriggan druid (D)
  A swamp dragon (D)
  2 cherubim (D)
  3 phantasmal warriors (D)
  A sea snake (shapeshifter) (D)
  A deep elf zephyrmancer (D)
  An orc knight (D)
  2 wizards (D)
  A necromancer (D)
  An orc sorcerer (D)
  3 lindwurms (D)
  A cyclops (D)
  A moth of wrath (D)
  7 elephants (D)
  A rust devil (D)
  3 naga magi (D)
  An eye of devastation (D)
  A molten gargoyle (D)
  A gargoyle (D)
  2 cane toads (D)
  4 komodo dragons (D)
  2 demonic crawlers (D)
  2 ice devils (D)
  6 trolls (D)
  A polar bear (D)
  A tyrant leech (D)
  3 jumping spiders (D)
  2 wind drakes (D)
  3 blink frogs (D)
  2 snapping turtles (D)
  4 dream sheep (D)
  A shadow (D)
  6 redbacks (D)
  An air elemental (D)
  A tarantella (D)
  9 yaks (D)
  A water elemental (D)
  2 ynoxinuls (D)
  2 fire bats (D)
  3 hogs (D)
  3 wargs (D)
  A naga (D)
  4 hell hounds (D)
  3 floating eyes (D)
  A swamp drake (D)
  11 orc warriors (D)
  A sky beast (D)
  2 centaurs (D)
  An ogre (D)
  2 scorpions (D)
  5 killer bees (D)
  A crimson imp (D)
  A quasit (D)
  5 orc priests (D)
  A hell rat (D)
  An iguana (D)
  5 orc wizards (D)
  A mummy (D)
  A gnoll (D)
  2 adders (D)
  An adder zombie (D)
  16 orcs (D)
  2 bat zombies (D)
  2 giant cockroaches (D)
  A goblin (D)
  2 hobgoblins (D)
  5 jackals (D)
  A kobold (D)
  A quokka (D)
  2 bats (D)
  A giant cockroach zombie (D)
  A quokka zombie (D)
217 creatures vanquished.

Vanquished Creatures (collateral kills)
  A nagaraja (D)
  Urug (D)
  An orc (D)
3 creatures vanquished.

Vanquished Creatures (others)
  A polar bear (D)
  A redback (D)
  A yak (D)
  2 humans (D)
  2 dancing weapons (D)
  An orc (D)
  A bat zombie (D)
9 creatures vanquished.

Grand Total: 229 creatures vanquished

Notes
Turn   | Place    | Note
-------+----------+-------------------------------------------
     0 | D        | MikeHunt the Felid Enchanter began the quest for the Orb.
     0 | D        | Reached XP level 1. HP: 7/7 MP: 4/4
    14 | D        | Found a bloodstained altar of Trog.
    14 | D        | Found a shimmering blue altar of Sif Muna.
    14 | D        | Found a viscous altar of Jiyva.
    14 | D        | Found a hazy altar of Hepliaklqana.
    14 | D        | Found an opulent altar of Gozag.
    15 | D        | Found a glowing golden altar of the Shining One.
    15 | D        | Found a glowing silver altar of Zin.
    15 | D        | Found a basalt altar of Yredelemnul.
    15 | D        | Found a shimmering altar of Xom.
    15 | D        | Found an ornate altar of the Wu Jian Council.
    15 | D        | Found a sacrificial altar of Ru.
    15 | D        | Found a stormy altar of Qazlal.
    15 | D        | Found an iron altar of Okawaru.
    15 | D        | Found a sparkling altar of Nemelex Xobeh.
    15 | D        | Found a burning altar of Makhleb.
    15 | D        | Found a blossoming altar of Fedhas.
    15 | D        | Found a white marble altar of Elyvilon.
    15 | D        | Found a shadowy altar of Dithmenos.
    15 | D        | Found a snail-covered altar of Cheibriados.
    16 | D        | Found a radiant altar of Vehumet.
    16 | D        | Found a corrupted altar of Lugonu.
    17 | D        | Found a hide-covered altar of Uskayaw.
    17 | D        | Found an ancient bone altar of Kikubaaqudgha.
    17 | D        | Found a broken altar of Ashenzari.
    20 | D        | Became a worshipper of Qazlal Stormbringer
    71 | D        | Reached skill level 1 in Invocations
   113 | D        | Reached * piety under Qazlal
   114 | D        | Reached XP level 2. HP: 11/11 MP: 6/6
   120 | D        | Reached ** piety under Qazlal
   178 | D        | Noticed a scorpion
   178 | D        | Noticed a scorpion
   188 | D        | Killed a scorpion
   189 | D        | Reached skill level 5 in Unarmed Combat
   189 | D        | Reached XP level 3. HP: 8/14 MP: 2/7
   189 | D        | Reached XP level 4. HP: 10/18 MP: 2/8
   425 | D        | Learned a level 2 spell: Ensorcelled Hibernation
   429 | D        | Learned a level 3 spell: Tukima's Dance
   457 | D        | Killed a scorpion
   457 | D        | Reached *** piety under Qazlal
   458 | D        | Reached XP level 5. HP: 21/21 MP: 2/9
   561 | D        | Noticed a centaur
   574 | D        | Killed a centaur
   776 | D        | Reached **** piety under Qazlal
   777 | D        | Reached skill level 5 in Invocations
   868 | D        | Gained mutation: You are covered in thick fur. (AC +2)
                  | [Felid growth]
   868 | D        | Reached XP level 6. HP: 8/24 MP: 5/12
  1070 | D        | Learned a level 3 spell: Confusing Touch
  1074 | D        | Learned a level 3 spell: Dazzling Flash
  1094 | D        | Reached skill level 5 in Stealth
  1126 | D        | Noticed a deep elf zephyrmancer
  1132 | D        | Killed a deep elf zephyrmancer
  1133 | D        | Reached skill level 5 in Spellcasting
  1133 | D        | Reached XP level 7. HP: 27/27 MP: 1/16
  1277 | D        | Noticed a komodo dragon
  1277 | D        | Noticed a dream sheep
  1277 | D        | Noticed a dream sheep
  1277 | D        | Noticed a dream sheep
  1277 | D        | Noticed a dream sheep
  1285 | D        | Killed a dream sheep
  1285 | D        | Killed a komodo dragon
  1286 | D        | Reached skill level 10 in Unarmed Combat
  1286 | D        | Reached XP level 8. HP: 31/31 MP: 13/19
  1289 | D        | Killed a dream sheep
  1289 | D        | Reached ***** piety under Qazlal
  1289 | D        | Killed a dream sheep
  1290 | D        | Reached skill level 10 in Stealth
  1306 | D        | Killed a dream sheep
  1370 | D        | Noticed a komodo dragon
  1371 | D        | Noticed a cane toad
  1372 | D        | Noticed a polar bear
  1378 | D        | Noticed a komodo dragon
  1388 | D        | Killed a komodo dragon
  1389 | D        | Reached XP level 9. HP: 21/37 MP: 4/21
  1411 | D        | Killed a cane toad
  1422 | D        | Killed a polar bear
  1644 | D        | Reached skill level 10 in Invocations
  1671 | D        | Reached skill level 5 in Fighting
  1687 | D        | Killed a komodo dragon
  1716 | D        | Reached skill level 10 in Dodging
  2006 | D        | Noticed a troll
  2007 | D        | Noticed an orc high priest
  2007 | D        | Noticed a lindwurm
  2008 | D        | Noticed a komodo dragon
  2009 | D        | Noticed a troll
  2010 | D        | Reached ****** piety under Qazlal
  2010 | D        | Killed a troll
  2011 | D        | Reached XP level 10. HP: 14/48 MP: 13/22
  2016 | D        | Killed an orc high priest
  2019 | D        | Killed from afar by a lindwurm
  2020 | D        | Reached XP level 9. HP: -4/45 MP: 11/21
  2032 | D        | Killed a lindwurm
  2032 | D        | Killed a komodo dragon
  2032 | D        | Killed a troll
  2226 | D        | Noticed a phantasmal warrior
  2229 | D        | Killed a phantasmal warrior
  2310 | D        | Reached XP level 10. HP: 51/51 MP: 9/22
  2409 | D        | Noticed a phantasmal warrior
  2411 | D        | Noticed an emperor scorpion
  2412 | D        | Noticed a spriggan druid
  2425 | D        | Reached skill level 10 in Fighting
  2428 | D        | Noticed a moth of wrath
  2429 | D        | Noticed a lindwurm
  2432 | D        | Killed a spriggan druid
  2432 | D        | Noticed an elephant
  2432 | D        | Demolished by a moth of wrath
  2433 | D        | Reached XP level 9. HP: -20/46 MP: 4/21
  2433 | D        | Noticed an elephant
  2439 | D        | Killed an elephant
  2495 | D        | Killed an elephant
  2509 | D        | Killed a tyrant leech
  2634 | D        | Killed a moth of wrath
  2635 | D        | Reached XP level 10. HP: 45/51 MP: 20/22
  2658 | D        | Killed an emperor scorpion
  2857 | D        | Killed a phantasmal warrior
  2970 | D        | Killed a lindwurm
  3007 | D        | Noticed Agnes
  3013 | D        | Noticed Urug
  3016 | D        | Killed Agnes
  3017 | D        | Reached XP level 11. HP: 46/55 MP: 1/23
  3152 | D        | Killed Urug
  3653 | D        | Learned a level 7 spell: Orb of Destruction
  3661 | D        | Learned a level 7 spell: Spellforged Servitor
  3703 | D        | Noticed a lindwurm
  3715 | D        | Killed a lindwurm
  3716 | D        | Reached skill level 3 in Conjurations
  3728 | D        | Reached skill level 4 in Conjurations
  3804 | D        | Noticed a phantasmal warrior
  3818 | D        | Killed a phantasmal warrior
  3819 | D        | Reached skill level 5 in Conjurations
  4065 | D        | Noticed Sonja
  4071 | D        | Killed Sonja
  4072 | D        | Reached skill level 6 in Conjurations
  4076 | D        | Reached skill level 7 in Conjurations
  4091 | D        | Noticed an eight-headed hydra
  4118 | D        | Killed an eight-headed hydra
  4119 | D        | Reached skill level 8 in Conjurations
  4227 | D        | Noticed an orc sorcerer
  4228 | D        | Noticed an orc knight
  4233 | D        | Killed an orc sorcerer
  4233 | D        | Noticed an orc high priest
  4234 | D        | Reached skill level 9 in Conjurations
  4368 | D        | Killed an orc high priest
  4369 | D        | Reached skill level 10 in Conjurations
  4391 | D        | Noticed a seven-headed hydra
  4560 | D        | Killed an orc knight
  4589 | D        | Killed a seven-headed hydra
  4590 | D        | Reached skill level 11 in Conjurations
  4732 | D        | Noticed Donald
  4768 | D        | Killed Donald
  4769 | D        | Reached skill level 12 in Conjurations
  4769 | D        | Gained mutation: Your thick and shaggy fur keeps you warm.
                  | (AC +3, rC+) [Felid growth]
  4769 | D        | Reached XP level 12. HP: 10/59 MP: 6/24
  5080 | D        | Reached skill level 13 in Conjurations
  5439 | D        | Reached skill level 14 in Conjurations
  5519 | D        | Noticed a nagaraja
  5575 | D        | Killed a nagaraja
  5576 | D        | Reached skill level 15 in Conjurations
  5707 | D        | Identified the +1 plate armour of Resonance {Str+2 Int+3
                  | Dex+2 Stlth+}
  5707 | D        | Noticed a mummy priest
  5720 | D        | Killed a mummy priest
  5909 | D        | Reached skill level 1 in Summonings
  5943 | D        | Noticed a green draconian
  5951 | D        | Noticed a centaur warrior
  5953 | D        | Killed a green draconian
  5954 | D        | Reached skill level 16 in Conjurations
  5954 | D        | Identified the +5 spear "Haicaudd" {flame, rCorr SInv}
  5954 | D        | Noticed a deep elf annihilator
  5957 | D        | Killed a centaur warrior
  5959 | D        | Killed a deep elf annihilator
  5992 | D        | Noticed a spriggan defender
  5994 | D        | Killed a spriggan defender
  5995 | D        | Reached skill level 10 in Spellcasting
  5995 | D        | Reached skill level 5 in Summonings
  5995 | D        | Reached XP level 13. HP: 43/63 MP: 3/28
  6147 | D        | Learned a level 6 spell: Iron Shot
  6159 | D        | Noticed an orc warlord
  6202 | D        | Reached skill level 1 in Earth Magic
  6398 | D        | Killed an orc warlord
  6563 | D        | Reached skill level 5 in Earth Magic
  6969 | D        | Identified the +4 short sword of the Radish {venom, Will+
                  | rCorr}
  6969 | D        | Noticed Kirke
  6976 | D        | Killed Kirke
  7067 | D        | Noticed a frost giant
  7080 | D        | Killed a frost giant
  7442 | D        | Noticed an eidolon
  7450 | D        | Killed an eidolon
  7575 | D        | Reached skill level 17 in Conjurations
  7671 | D        | Noticed a deep elf annihilator
  7683 | D        | Killed a deep elf annihilator
  7689 | D        | Noticed a sphinx
  7706 | D        | Killed a sphinx
  7818 | D        | Noticed an emperor scorpion
  7843 | D        | Killed an emperor scorpion
  7844 | D        | Reached skill level 18 in Conjurations
  7971 | D        | Reached skill level 10 in Earth Magic
  8057 | D        | Noticed a deep elf sorcerer
  8059 | D        | Noticed a frost giant
  8064 | D        | Noticed a hellephant
  8065 | D        | Noticed a storm dragon
  8093 | D        | Killed a deep elf sorcerer
  8094 | D        | Reached XP level 14. HP: 17/66 MP: 1/31
  8347 | D        | Identified the amulet of the Heavens {Rampage Regen+ Dex+3
                  | Stlth+}
  8376 | D        | Killed a frost giant
  8500 | D        | Noticed an orc warlord
  8509 | D        | Killed an orc warlord
  8510 | D        | Reached skill level 10 in Evocations
  8621 | D        | Noticed a royal mummy
  8628 | D        | Mangled by a death scarab
  8629 | D        | Reached XP level 13. HP: -8/63 MP: 9/30
  8668 | D        | Killed a royal mummy
  8668 | D        | Killed by a royal mummy's death curse
  8669 | D        | Reached XP level 12. HP: -8/59 MP: 12/29
  8686 | D        | Noticed a nagaraja
  8700 | D        | Killed a nagaraja
  8726 | D        | Killed a hellephant
  8727 | D        | Reached skill level 15 in Evocations
  8735 | D        | Paralysed by a floating eye for 2 turns
  8744 | D        | Killed a storm dragon
  8959 | D        | Reached XP level 13. HP: 63/63 MP: 11/30
  8971 | D        | Noticed a shadow dragon
  9127 | D        | Killed a shadow dragon
  9128 | D        | Reached skill level 15 in Dodging
  9149 | D        | Noticed a black draconian
  9157 | D        | Killed a black draconian
  9158 | D        | Reached skill level 10 in Summonings
  9245 | D        | Reached skill level 15 in Unarmed Combat
  9335 | D        | Got Fanocwud's Catalogue of Curses and the Escort
  9337 | D        | Got the Handbook of Limitation
  9341 | D        | Noticed a nagaraja
  9342 | D        | Noticed an acid blob
  9345 | D        | Killed a nagaraja
  9348 | D        | Splashed by an acid blob's acid

Illustrated notes

Levels and vault maps discovered:
D:        pitsprint [storerooms_1, entrance_room_1, metal_vault_4, armoury_2,
          mini_pit_1, grid_room_1, main_hall_1, silver_pit, the_coven_3,
          the_vestibule_1, steel_vault_3, golden_pit, hallway_of_sentries,
          crystal_vault_1, iron_vault_1, final_vault]

Skill      XL: |  1  2  3  4  5  6  7  8  9 10 11 12 13 14 |
---------------+-------------------------------------------+-----
Dodging        | 3 6 7 14 12 15 | 15.5
Unarmed Combat | 2 5 7 9 10 11 14 15 | 15.1
Invocations    | 1 3 5 7 8 9 13 12 | 13.6
Hexes          | 7 8 11 12 | 12.8
Spellcasting   | 3 5 6 7 10 12 | 12.5
Stealth        | 8 9 10 13 14 | 14.4
Fighting       | 2 9 10 11 | 11.6
Conjurations   | 12 16 18 | 18.4
Summonings     | 5 10 | 10.3
Earth Magic    | 10 | 10.1
Evocations     | 16 6 11 | 16.2

Action                   |  1- 3 |  4- 6 |  7- 9 | 10-12 | 13-15 || total
-------------------------+-------+-------+-------+-------+-------++-------
Melee: Unarmed           |    38 |    33 |    90 |   133 |   101 ||   395
       Bite              |     3 |     1 |    17 |    14 |    10 ||    45
       Punch             |       |     1 |     4 |     9 |     7 ||    21
 Cast: Ensorcelled Hiber |       |     6 |       |       |       ||     6
       Tukima's Dance    |       |     4 |       |     1 |       ||     5
       Confusing Touch   |       |       |    10 |    21 |       ||    31
       Orb of Destructio |       |       |       |    10 |    33 ||    43
       Iron Shot         |       |       |       |     3 |    19 ||    22
       Spellforged Servi |       |       |       |     1 |       ||     1
Invok: Upheaval          |     1 |     7 |    29 |    61 |    37 ||   135
       Disaster Area     |       |       |     1 |     2 |       ||     3
Evoke: Lightning rod     |       |       |       |       |     9 ||     9
  Use: Potion            |     2 |       |       |     8 |       ||    10
       Scroll            |       |       |       |     1 |     1 ||     2
 Stab: Sleeping          |     1 |     2 |       |       |       ||     3
       Invisible         |     1 |       |       |     1 |       ||     2
       Confused          |       |       |    10 |    17 |       ||    27
       Distracted        |       |       |       |     1 |       ||     1
Armor: Skin              |     2 |     6 |     3 |     3 |       ||    14
Dodge: Dodged            |    27 |    30 |    70 |   160 |   147 ||   434
       Repelled          |       |     1 |       |     1 |     5 ||     7
Block: Other             |     1 |     9 |    20 |    37 |    49 ||   116

Table legend: (Time is in decaauts)
 A = Elapsed time spent in this place.
 B = Non-inter-level travel time spent in this place.
 C = Inter-level travel time spent in this place.
 D = Time resting spent in this place.
 E = Time spent auto-exploring this place.
 F = Levels seen in this place.
 G = Mean time per level.
                   A        B        C        D        E       F      G
               +--------+--------+--------+--------+--------+-----+--------+
         Total |   8734 |   8654 |     80 |   5837 |      0 |   1 | 8734.0 |
       Dungeon |   8734 |   8654 |     80 |   5837 |      0 |   1 | 8734.0 |
               +--------+--------+--------+--------+--------+-----+--------+

Top non-repeatable levels by time:
       D: 8734 daAuts
